 Dungeon Crawl Stone Soup version 0.17-a0-1646-geb1493d (webtiles) character file.

255 karlkraus the Covered (level 5, 0/47 HPs)
             Began as a Minotaur Fighter on Aug 10, 2015.
             Slain by an ogre
             ... wielding a +0 giant club
              (19 damage)
             ... on level 4 of the Dungeon.
             The game lasted 00:05:22 (2485 turns).

karlkraus the Covered (Minotaur Fighter)            Turns: 2485, Time: 00:05:23

Health: 0/47       AC:  8    Str: 20    XL:     5   Next: 91%
Magic:  4/4        EV:  8    Int:  5    God:
Gold:   179        SH: 11    Dex: 11    Spells: 0 memorised, 4 levels left

rFire  . . .     SeeInvis .     n - +2 mace (holy)
rCold  . . .     Clarity  .     b - +0 scale mail
rNeg   . . .     SustAt   .     c - +1 shield
rPois  .         Gourm    .     (helmet restricted)
rElec  .         Spirit   .     z - +0 cloak
rCorr  .         Warding  .     (no gloves)
rMut   .         Stasis   .     (no boots)
MR     .....                    (no amulet)
Stlth  ..........               (no ring)
                                (no ring)

@: not resistant to hostile enchantments, extremely unstealthy
A: retaliatory headbutt, horns 2
a: no special abilities


You were on level 4 of the Dungeon.
You were not hungry.

You visited 1 branch of the dungeon, and saw 4 of its levels.

You collected 179 gold pieces.

Inventory:

Hand weapons
 n - a +2 mace of holy wrath (weapon)
Armour
 b - a +0 scale mail (worn)
 c - a +1 shield (worn)
 z - a +0 cloak (worn)
Jewellery
 q - an uncursed ring of fire {unknown}
Magical devices
 p - a wand of random effects (35)
 y - a wand of lightning (4)
Scrolls
 a - a scroll of noise {unknown}
 h - a scroll of teleportation
 j - a scroll of identify
 k - a scroll of enchant weapon
 m - a scroll of remove curse
Potions
 d - a potion of might
 i - a potion of curing
 l - 2 potions of heal wounds
 r - a potion of degeneration {unknown}
 t - a potion of resistance {unknown}
 u - a potion of mutation {unknown}
 w - a potion of haste {unknown}
 x - a potion of lignification {unknown}
Comestibles
 e - 5 bread rations
 f - 2 royal jellies
 g - 2 chunks of flesh
 o - a slice of pizza


   Skills:
 + Level 4.6 Fighting
 + Level 3.7 Maces & Flails
 + Level 5.2 Armour
 + Level 2.1 Dodging
 + Level 5.0 Shields


You had 4 spell levels left.
You didn't know any spells.

Dungeon Overview and Level Annotations

Branches:
Dungeon (4/15)
 Temple: D:4-7

Altars:
Ashenzari
Kikubaaqudgha
Yredelemnul
Zin
Jiyva


Innate Abilities, Weirdness & Mutations

You reflexively headbutt those who attack you in melee.
You have a pair of horns on your head.


Message History

Found an escape hatch in the ceiling.
You feel sick.
m - a scroll of remove curse
Found a stone staircase leading down.
You feel sick.
q - a golden ring You feel sick.
You are no longer poisoned.
There is an escape hatch in the ceiling here.
An ogre comes into view. It is wielding a giant club.
The ogre shouts!
You see here a meat ration.
You hear the slow hiss of a very distant avalanche of sand.
The ogre hits you but does no damage.
You hit the ogre but do no damage. Your headbutt misses the ogre.
The ogre hits you with a giant club!
You hit the ogre.
The ogre is lightly wounded.
The ogre hits you with a giant club!!
You die...

#.##!..# #.##...#
#.##...#
#####.##...#
+..........#
######.....#
.......+...###
#########.%...##
......O@.$........
###############...
##


You could see an ogre.

Vanquished Creatures
  A gnoll sergeant (D:3)
  Ijyb (D:3)
  A worker ant (D:4)
  2 adders
  3 gnolls (D:3)
  An ooze (D:3)
  3 worms
  An adder skeleton (D:4)
  2 giant geckos
  5 orcs (D:3)
  7 bats
  6 giant cockroaches
  2 gnoll zombies (D:2)
  5 hobgoblins
  11 jackals
  5 ball pythons
  7 giant newts
  9 goblins
  5 kobolds
  4 rats
81 creatures vanquished.

Notes
Turn   | Place    | Note
--------------------------------------------------------------
     0 | D:1      | karlkraus the Minotaur Fighter began the quest for the Orb.
     0 | D:1      | Reached XP level 1. HP: 19/19 MP: 0/0
   341 | D:1      | Found a glowing silver altar of Zin.
   593 | D:1      | Found a viscous altar of Jiyva.
   593 | D:1      | Noticed a jelly
   593 | D:1      | Noticed a jelly
   593 | D:1      | Noticed a jelly
   594 | D:1      | Reached XP level 2. HP: 27/27 MP: 1/1
   595 | D:1      | Reached skill level 4 in Fighting
   597 | D:1      | Noticed a jelly
   601 | D:1      | Noticed a jelly
  1160 | D:2      | Reached XP level 3. HP: 20/33 MP: 2/2
  1464 | D:2      | Found a basalt altar of Yredelemnul.
  1597 | D:3      | Noticed Ijyb
  1604 | D:3      | Killed Ijyb
  1604 | D:3      | Reached XP level 4. HP: 30/40 MP: 3/3
  1640 | D:3      | Found a shattered altar of Ashenzari.
  1718 | D:3      | Reached skill level 1 in Dodging
  1736 | D:3      | Noticed a gnoll sergeant
  1756 | D:3      | Killed a gnoll sergeant
  1756 | D:3      | Reached XP level 5. HP: 22/47 MP: 4/4
  1814 | D:3      | Found an ancient bone altar of Kikubaaqudgha.
  1987 | D:3      | Reached skill level 5 in Armour
  2441 | D:4      | Reached skill level 5 in Shields
  2480 | D:4      | Noticed an ogre
  2485 | D:4      | Slain by an ogre

Vault maps used:
D:1:      erik_arrival_cave_to_civilisation, kennysheep_flooded_box
D:2:      lemuel_zombie_altar_yredelemnul, minmay_goblin_kobold_house
D:3:      kiku_gazebo_garden_becter, first_bread, nicolae_ashenzari_panopticon,
          uniq_iyjb
D:4:      grunt_dithmenos_shadows, overflow_temple_1_default,
          nicolae_ossuary_entry_plus, minmay_strange_pillars,
          grunt_gozag_statues

Action                   |  1- 3 |  4- 6 || total
-------------------------+-------+-------++-------
Melee: Flail             |    17 |       ||    17
       Mace              |    61 |    87 ||   148
  Use: Scroll            |       |    11 ||    11
       Potion            |       |     2 ||     2
  Eat: Chunk             |     2 |     3 ||     5
